 Dungeon Crawl Stone Soup version 0.31-a0-38-g1548c4f2a5 (webtiles) character file.

Game seed: 10748838376480028935

196 subawu the Ruffian (level 5, -1/41 HPs)
             Began as a Demigod Transmuter on May 16, 2023.
             Succumbed to a scorpion's poison
             ... on level 5 of the Dungeon.
             The game lasted 00:12:05 (3831 turns).

subawu the Ruffian (Demigod Transmuter)             Turns: 3831, Time: 00:12:06

Health: -1/41      AC: 13    Str: 15    XL:     5   Next: 21%
Magic:  11/11      EV:  4    Int: 15    God:
Gold:   183        SH:  0    Dex: 14    Spells: 8/9 levels left

rFire   . . .        m - +0 mace
rCold   . . .        (no shield)
rNeg    . . .        s - +0 plate armour
rPois   .            (no helmet)
rElec   .            (no cloak)
rCorr   .            q - +0 pair of gloves
SInv    +            f - +1 pair of boots
Will    .....        (no amulet) Stlth
                     w - ring of see invisible
HPRegen 0.26/turn    (no ring)
MPRegen 0.12/turn

%: no passive effects
@: lethally poisoned (-1 -> -13)
A: high MP 1, forlorn, divine attributes
a: no special abilities


You were on level 5 of the Dungeon.
You visited 1 branch of the dungeon, and saw 5 of its levels.

You collected 183 gold pieces.

Inventory:

Hand Weapons
 d - a +1 club
 k - a +0 sling
 m - a +0 mace (weapon)
 v - the +9 sling "Arcanum" {speed, rPois rF+++ Will+ Int-2}
   (You found it on level 3 of the Dungeon)

   Int:       It affects your intelligence (-2).
   rF:        It renders you almost immune to fire.
   rPois:     It protects you from poison.
   Will:      It increases your willpower.
Missiles
 j - 20 stones
Armour
 a - a +0 robe
 c - a +1 scale mail
 f - a +1 pair of boots (worn)
 i - a +0 chain mail
 q - a +0 pair of gloves (worn)
 s - a +0 plate armour (worn)
 u - an orb of wrath
Jewellery
 w - a ring of see invisible (left hand)
Wands
 y - a wand of polymorph (11)
Scrolls
 e - a scroll of noise
 g - 4 scrolls of identify
 n - a scroll of fog
 p - a scroll of fear
 x - a scroll of enchant armour
Potions
 b - a potion of lignification
 h - a potion of might
 l - 3 potions of heal wounds {unknown}
 o - a potion of berserk rage {unknown}
 r - 2 potions of curing {unknown}
 t - a potion of flight {unknown}


   Skills:
 + Level 2.2 Fighting
 + Level 2.7 Dodging
 + Level 3.4 Unarmed Combat
 + Level 2.6 Spellcasting
 + Level 2.8 Transmutations


You had 8 spell levels left.
You knew the following spells:

 Your Spells              Type           Power      Damage    Failure   Level
a - Beastly Appendage     Tmut           20%        N/A       100%        1

Your spell library contained the following spells:

 Spells                   Type           Power      Damage    Failure   Level
 Magic Dart               Conj           4%         1d3       100%        1
 Sting                    Tmut/Pois      24%        1d4       100%        1
 Poisonous Vapours        Pois/Air       2%         N/A       100%        2
 Searing Ray              Conj           2%         2d4       100%        2
 Wereblood                Tmut           10%        N/A       100%        2
 Spider Form              Tmut/Pois      6%         N/A       100%        3
 Fulminant Prism          Conj/Hex       0%         3d5       100%        4
 Ice Form                 Ice/Tmut       6%         N/A       100%        4
 Olgreb's Toxic Radiance  Pois           1%         N/A       100%        4


Dungeon Overview and Level Annotations

Branches:
Dungeon (5/15)             Temple (0/1) D:4


Innate Abilities, Weirdness & Mutations

You have an increased reservoir of magic. (+10% MP)
You shall have no god before yourself.
Your divine heritage dramatically boosts your attributes as you level up.


Message History

You feel very sick.
The scorpion stings you but does no damage. x2
You barely miss the scorpion.
The scorpion is moderately wounded.
You feel sick.
The scorpion stings you but does no damage.
You hit the scorpion but do no damage.
The scorpion is moderately wounded.
You feel sick. The scorpion stings you. The scorpion barely misses you.
You barely miss the scorpion. You punch the scorpion.
The scorpion is moderately wounded.
You feel sick.
The scorpion stings you but does no damage. x2
You closely miss the scorpion. Your punch misses the scorpion.
The scorpion is moderately wounded.
You feel sick. The scorpion barely misses you.
You closely miss the scorpion.
The scorpion is moderately wounded.
You feel sick.
You are no longer poisoned.
The scorpion stings you but does no damage.
The scorpion stings you.
* * * LOW HITPOINT WARNING * * *
You closely miss the scorpion.
The scorpion is moderately wounded.
The scorpion stings you.
* * * LOW HITPOINT WARNING * * *
The scorpion closely misses you.
You hit the scorpion.
The scorpion is severely wounded.
The scorpion barely misses you.
You hit the scorpion but do no damage.
The scorpion is severely wounded.
The scorpion stings you.
* * * LOW HITPOINT WARNING * * *
You are lethally poisoned!
The scorpion poisons you! The scorpion barely misses you.
You barely miss the scorpion.
The scorpion is severely wounded.
You die...

####.........#######
...#.........#.....#
...+.........#.....#
...#.........#.....+
####.........#.....#
.....#########.....######
.....#...................
.....#............<......
.....#[........s@........
.....###...###'######....
..######...###.. #
..#.........#....
..#.........#.....
..'.........+......
..#...##...##.##...#
..#...####+##^ ...#
..#....#


You could see a scorpion.

Vanquished Creatures
  A scorpion (D:4)
  A hound (D:4)
  5 adders
  2 dart slugs
  An orc (D:3)
  6 ball pythons
  10 bats
  2 endoplasms
  4 giant cockroaches
  5 goblins
  4 hobgoblins
  2 jackals (D:1)
  3 kobolds
  4 quokkas
  3 frilled lizards
  3 rats
56 creatures vanquished.

Notes
Turn   | Place    | Note
-------+----------+-------------------------------------------
     0 | D:1      | subawu the Demigod Transmuter began the quest for the Orb.
     0 | D:1      | Reached XP level 1. HP: 15/15 MP: 5/5
    56 | D:1      | Reached skill level 1 in Fighting
   221 | D:1      | Reached XP level 2. HP: 17/23 MP: 5/7
  1220 | D:2      | Reached skill level 3 in Unarmed Combat
  1220 | D:2      | Reached XP level 3. HP: 24/28 MP: 8/8
  1596 | D:3      | Noticed a +0 hand axe
  1597 | D:3      | Noticed a +0 dagger
  1744 | D:3      | Identified the +9 sling "Arcanum" {speed, rPois rF+++ Will+
                  | Int-2}
  2054 | D:3      | Reached XP level 4. HP: 36/36 MP: 10/10
  2541 | D:4      | Found a staircase to the Ecumenical Temple.
  3443 | D:4      | Reached XP level 5. HP: 26/41 MP: 11/11
  3751 | D:5      | Entered Level 5 of the Dungeon
  3831 | D:5      | Succumbed to a scorpion's poison

Illustrated notes

Levels and vault maps discovered:
D:1:      lemuel_arrival_cross, layout_rooms
D:2:      layout_rooms
D:3:      layout_loops_ring, dancing_weapons_uskayaw, kennysheep_generic_room_3
D:4:      cheibrodos_quashed, layout_basic, temple_hall
D:5:      layout_gridville, lemuel_round_altar, uniq_blork_the_orc

Skill      XL: |  1  2  3  4 |
---------------+-------------+-----
Fighting       | 1 2 |  2.2
Dodging        | 2 |  2.7
Transmutations | 2 |  2.8
Spellcasting   | 2 |  2.6
Unarmed Combat | 3 |  3.4

Action                     |  1- 3 |  4- 6 || total
---------------------------+-------+-------++-------
  Melee: Unarmed           |    42 |       ||    42
         Kick              |     3 |       ||     3
         Punch             |     2 |     2 ||     4
         Headbutt          |     1 |       ||     1
         Club              |    35 |       ||    35
         Mace              |    51 |    51 ||   102
   Fire: Sling             |    42 |    10 ||    52
   Cast: Beastly Appendage |     2 |     1 ||     3
    Use: Scroll            |     8 |       ||     8
 Armour: Robe              |    11 |       ||    11
         Scale mail        |   153 |       ||   153
         Chain mail        |     4 |    12 ||    16
         Plate armour      |       |    66 ||    66
  Dodge: Dodged            |   171 |    20 ||   191

Table legend: (Time is in decaauts)
 A = Elapsed time spent in this place.
 B = Non-inter-level travel time spent in this place.
 C = Inter-level travel time spent in this place.
 D = Time resting spent in this place.
 E = Time spent auto-exploring this place.
 F = Levels seen in this place.
 G = Mean time per level.
                   A        B        C        D        E       F      G
               +--------+--------+--------+--------+--------+-----+--------+
         Total |   3896 |   3824 |     72 |    661 |   1261 |   5 |  779.2 |
       Dungeon |   3896 |   3824 |     72 |    661 |   1261 |   5 |  779.2 |
               +--------+--------+--------+--------+--------+-----+--------+

Top non-repeatable levels by time:
     D:4: 1340 daAuts
     D:3: 969 daAuts
     D:1: 854 daAuts
     D:2: 646 daAuts
     D:5: 85 daAuts
